 Dungeon Sprint DCSS version 0.30-a0-986-g7f2e898f52 (webtiles) character file.

Game seed: 4350114990758970109

10707 Patoropollo the Carver (level 11, -9/107 HPs)
             Began as a Demigod Fighter on Apr 1, 2023.
             Killed from afar by a merfolk aquamancer (30 damage)
             ... with a torrent of water
             ... in the Dungeon (Sprint V: "Ziggurat Sprint").
             The game lasted 00:08:58 (864 turns).

Patoropollo the Carver (Demigod Fighter)             Turns: 864, Time: 00:08:58

Health: -9/107     AC: 34    Str: 41    XL:     11   Next: 17%
Magic:  14/14      EV:  8    Int: 10    God:
Gold:   0          SH: 12    Dex: 13    Spells: 10/10 levels left

rFire   . . .      SeeInvis .    l - +11 Screaming Sword {sonic wave}
rCold   . . .      Faith    .    c - +0 buckler
rNeg    . . .      Spirit   .    k - +15 Maxwell's patent armour {-Cast -Tele rElec Will+ rCorr}
rPois   .          Reflect  +    (no helmet)
rElec   +          Rampage  .    (no cloak)
rCorr   +          NoTele   +    (no gloves)
Will    ++...      NoCast   +    t - +2 pair of boots {Fly} Stlth
                                 b - amulet of reflection
HPRegen 0.37/turn                C - +6 ring of strength
MPRegen 0.14/turn                D - +6 ring of strength

@: flying, mesmerised, studying Transmutations
A: high MP 1, forlorn, divine attributes
a: no special abilities


You were in the Dungeon.
You visited 1 branch

Inventory:

Hand Weapons
 l - the +11 Screaming Sword (weapon) {sonic wave}
   (You found it in the Dungeon)
Armour
 c - a +0 buckler (worn)
 k - the +15 Maxwell's patent armour (worn) {-Cast -Tele rElec Will+ rCorr}
   (You found it in the Dungeon)

   rElec:     It insulates you from electricity.
   -Cast:     It prevents spellcasting.
   -Tele:     It prevents most forms of teleportation.
   rCorr:     It protects you from acid and corrosion.
   Will:      It increases your willpower.
 t - a +2 pair of boots of flying (worn)
Jewellery
 a - an amulet of guardian spirit
 b - an amulet of reflection (around neck)
 x - a ring of flight
 C - a +6 ring of strength (left hand)
 D - a +6 ring of strength (right hand)
Wands
 u - a wand of mindburst (7)
 v - a wand of iceblast (7)
 w - a wand of light (7)
Scrolls
 j - 4 scrolls of blinking
 m - 4 scrolls of amnesia
 n - 8 scrolls of fog
 o - 5 scrolls of identify
 p - 2 scrolls of fear
Potions
 d - 6 potions of might
 e - 10 potions of curing
 f - 11 potions of heal wounds
 g - 10 potions of haste
 h - 7 potions of magic
 i - 3 potions of berserk rage
 q - 2 potions of brilliance
 r - 2 potions of invisibility
 s - 4 potions of resistance


   Skills:
 + Level 13.2 Fighting
 + Level 14.5 Long Blades
 + Level 13.2 Armour
 + Level 13.2 Shields


You had 10 spell levels left.
You didn't know any spells.
Your spell library contained the following spells:

 Spells                   Type           Power      Damage    Failure   Level
 Ensorcelled Hibernation  Hex/Ice        0%         N/A       95%         2
 Scorch                   Fire           0%         2d5       95%         2
 Sublimation of Blood     Necr           0%         N/A       95%         2
 Hailstorm                Conj/Ice       0%         3d3       99%         3
 Inner Flame              Hex/Fire       0%         N/A       99%         3
 Ozocubu's Armour         Ice            0%         N/A       99%         3
 Portal Projectile        Hex/Tloc       0%         N/A       99%         3
 Spider Form              Tmut/Pois      0%         N/A       99%         3
 Teleport Other           Tloc           0%         N/A       99%         3
 Anguish                  Hex/Necr       0%         N/A       100%        4
 Animate Armour           Summ/Erth      0%         N/A       100%        4
 Flame Wave               Conj/Fire      0%         2d4       100%        4
 Ice Form                 Ice/Tmut       0%         N/A       100%        4
 Petrify                  Tmut/Erth      0%         N/A       100%        4
 Arcjolt                  Conj/Air       0%         1d10      100%        5
 Blade Hands              Tmut           0%         N/A       100%        5
 Borgnjor's Vile Clutch   Necr/Erth      0%         N/A       100%        5
 Freezing Cloud           Conj/Ice/Air   0%         6-21      100%        5
 Irradiate                Conj/Tmut      0%         3d11      100%        5
 Iskenderun's Battlesphe  Conj           0%         2d6       100%        5
 Simulacrum               Ice/Necr       0%         N/A       100%        6
 Summon Cactus Giant      Summ           0%         N/A       100%        6
 Dragon Form              Tmut           0%         N/A       100%        7
 Enfeeble                 Hex            0%         N/A       100%        7
 Chain Lightning          Conj/Air       0%         N/A       100%        9
 Death's Door             Necr           0%         N/A       100%        9
 Fire Storm               Conj/Fire      0%         5d1       100%        9
 Shatter                  Erth           0%         3d5*      100%        9


Dungeon Overview and Level Annotations

Branches:
Dungeon (1/1)


Innate Abilities, Weirdness & Mutations

You have an increased reservoir of magic. (+10% MP)
You shall have no god before yourself.
Your divine heritage dramatically boosts your attributes as you level up.


Message History

The shard of ice hits you!
You block the merfolk javelineer's attack.
The merfolk impaler hits you but does no damage.
The merfolk siren chants its luring song.
Unknown command.
You slash the merfolk aquamancer!
The merfolk aquamancer is lightly wounded.
The merfolk avatar chants its luring song.
The merfolk javelineer hits you but does no damage.
You writhe in agony!
You block the merfolk aquamancer's attack.
The merfolk impaler barely misses you.
The merfolk aquamancer hits you but does no damage.
The merfolk siren chants its luring song.
You closely miss the merfolk aquamancer.
The merfolk aquamancer is lightly wounded.
The wind drake flaps its wings at you. The air twists around and strikes you.
The merfolk aquamancer hits you with a +4 rapier of speed!
You block the merfolk javelineer's attack.
The merfolk siren chants its luring song.
The merfolk aquamancer casts a spell at you.
The ball of steam hits you!!
* * * LOW HITPOINT WARNING * * *
You hit the merfolk impaler.
The merfolk impaler is lightly wounded.
You are engulfed in a cloud of scalding steam.
The merfolk avatar chants its luring song.
You block the water nymph's attack. The water elemental hits you.
* * * LOW HITPOINT WARNING * * *
The merfolk javelineer barely misses you.
You block the merfolk aquamancer's attack.
You block the merfolk impaler's attack.
The merfolk siren chants its luring song.
You completely miss the merfolk impaler.
The merfolk impaler is lightly wounded.
You are engulfed in a cloud of scalding steam.
The merfolk aquamancer gestures at you while chanting.
The torrent of water hits you!!
You die...

▓....©....
▓▓▓▓▓▓▓▓▓▓▓▓▓▓▓▓▓▓▓▓▓▓
▓~.~8©8.~.▓...8©8...▓.
▓..m)):[)~▓..)|})}..▓.
▓~~|)m)|..▓..|..:...▓.
▓~.~~~.~~.▓..)......▓.
▓~~mmH~~..▓.........▓.
▓~~~mmm.~.▓.....)...▓.
▓.~~m@E.~~▓...).†)..▓.
▓..▓k..▓~.▓....)....▓.
▓.▓§§...▓.▓.▓.....▓.▓.
▓..§§©...~▓....©..).▓▓
▓▓▓▓▓▓▓▓▓▓▓▓▓▓▓▓▓▓▓▓▓


You could see a merfolk avatar (mesmerising), a merfolk impaler, a merfolk
javelineer, 2 merfolk aquamancers, a wind drake (repels missiles), a merfolk, a
manticore, a water elemental, a merfolk siren (mesmerising) and a water nymph.

Vanquished Creatures
  2 mummy priests (D)
  A death yak (D)
  A deep elf archer (D)
  3 deep elf zephyrmancers (D)
  2 deep elf pyromancers (D)
  3 ugly things (D)
  A guardian serpent (shapeshifter) (D)
  An eye of devastation (D)
  A cane toad (D)
  A rime drake (shapeshifter) (D)
  A polar bear (D)
  A hellwing (D)
  A hornet (D)
  2 tarantellas (D)
  2 slime creatures (D)
  4 spriggans (D)
  An ushabti (D)
  A yak (D)
  2 fire elementals (D)
  2 golden eyes (D)
  A naga (shapeshifter) (D)
  A floating eye (D)
  3 black bears (D)
  3 wolves (D)
  2 bullfrogs (D)
  A bullfrog (shapeshifter) (D)
  2 scorpions (D)
  A quasit (D)
  A jelly (D)
  An iron imp (D)
  A hell rat (D)
  2 mummies (D)
  A shadow imp (D)
  3 white imps (D)
  2 ufetubi (D)
  2 adder skeletons (D)
  An adder simulacrum (D)
  A bat zombie (D)
  2 endoplasms (D)
  A jackal (D)
65 creatures vanquished.

Notes
Turn   | Place    | Note
-------+----------+-------------------------------------------
     0 | D        | Patoropollo the Demigod Fighter began the quest for the
                  | Orb.
     0 | D        | Reached XP level 1. HP: 18/18 MP: 3/3
     2 | D        | Found the +6 Majin-Bo {spellvamp, MP+6 Int+6}
     2 | D        | Found the +27 heavy crossbow "Sniper" {heavy, Acc+∞ SInv}
     2 | D        | Found the +10 dark maul {heavy}
     2 | D        | Found the +15 Maxwell's patent armour {-Cast -Tele rElec
                  | Will+ rCorr}
     2 | D        | Found the +18 shield of the Gong {Loud rN+ Will+ rCorr
                  | EV-5}
     2 | D        | Found the +16 obsidian axe {drain, demonic, Mesm Drain Fly
                  | SInv}
     2 | D        | Found the +7 great mace "Firestarter" {flame, inner flame,
                  | rFlCloud rF++}
     2 | D        | Found the +6 shillelagh "Devastator" {shatter}
     2 | D        | Found the +11 plutonium sword {Contam Stlth-}
     2 | D        | Found the +8 lance "Wyrmbane" {slay drac, rPois rF+ rC+
                  | AC+3}
     2 | D        | Found the +9 sword of Zonguldrok {reap}
     2 | D        | Found the +13 scythe of Curses {drain, curses, Drain}
     2 | D        | Found the +9 sword of Power {lifebolt}
     2 | D        | Found the +7 mace of Variability {chaos, chain chaos}
     2 | D        | Found the +11 Singing Sword {sonic wave}
     2 | D        | Found the +8 storm bow {elec, penet}
     3 | D        | Found a transporter.
    69 | D        | Reached skill level 7 in Long Blades
    69 | D        | Reached XP level 2. HP: 25/25 MP: 4/4
    70 | D        | Entered arena 2.
    70 | D        | Found a transporter.
    77 | D        | Got the Tome of Arcane Weapons and Ice
    82 | D        | Entered arena 3.
    82 | D        | Noticed a floating eye
    82 | D        | Found a transporter.
    85 | D        | Killed a floating eye
    86 | D        | Reached XP level 3. HP: 27/33 MP: 5/5
    86 | D        | Reached XP level 4. HP: 33/40 MP: 6/6
    87 | D        | Reached skill level 8 in Long Blades
   120 | D        | Entered arena 4.
   120 | D        | Noticed a tarantella
   120 | D        | Noticed a tarantella
   120 | D        | Found a transporter.
   122 | D        | Killed a tarantella
   123 | D        | Reached skill level 9 in Long Blades
   123 | D        | Reached XP level 5. HP: 50/50 MP: 7/7
   123 | D        | Reached XP level 6. HP: 57/57 MP: 8/8
   123 | D        | Killed a tarantella
   126 | D        | Reached XP level 7. HP: 66/66 MP: 9/9
   140 | D        | Entered arena 5.
   140 | D        | Noticed a polar bear
   140 | D        | Found a transporter.
   146 | D        | Killed a polar bear
   147 | D        | Reached skill level 10 in Long Blades
   155 | D        | Entered arena 6.
   155 | D        | Noticed a cyan ugly thing
   155 | D        | Noticed a brown ugly thing
   155 | D        | Noticed a green ugly thing
   155 | D        | Found a transporter.
   158 | D        | Killed a brown ugly thing
   159 | D        | Reached XP level 8. HP: 72/75 MP: 10/10
   160 | D        | Killed a green ugly thing
   161 | D        | Reached skill level 11 in Long Blades
   166 | D        | Killed a brown ugly thing
   179 | D        | Entered arena 7.
   179 | D        | Noticed a slime creature
   179 | D        | Noticed an eye of devastation
   179 | D        | Noticed a slime creature
   180 | D        | Found a transporter.
   190 | D        | Reached XP level 9. HP: 68/85 MP: 11/11
   190 | D        | Killed an eye of devastation
   191 | D        | Reached skill level 10 in Fighting
   191 | D        | Reached skill level 10 in Armour
   191 | D        | Reached skill level 10 in Shields
   203 | D        | Reached skill level 12 in Long Blades
   230 | D        | Entered arena 8.
   230 | D        | Noticed a mummy priest
   230 | D        | Noticed a mummy priest
   231 | D        | Found a transporter.
   239 | D        | Killed a mummy priest
   240 | D        | Noticed a jiangshi
   241 | D        | HP: 2/86 [vampire[a mummy priest] (4)]
   243 | D        | Noticed a flayed ghost
   243 | D        | Killed a mummy priest
   459 | D        | Entered arena 9.
   460 | D        | Found a transporter.
   464 | D        | Reached XP level 10. HP: 96/96 MP: 13/13
   481 | D        | Entered arena 10.
   481 | D        | Noticed a death yak
   482 | D        | Found a transporter.
   487 | D        | Reached skill level 13 in Long Blades
   491 | D        | Killed a death yak
   497 | D        | Got the Codex of Untold Secrets
   573 | D        | Entered arena 11.
   573 | D        | Noticed a spriggan rider
   574 | D        | Found a transporter.
   727 | D        | Entered arena 12.
   727 | D        | Noticed a deep elf zephyrmancer
   727 | D        | Noticed a deep elf zephyrmancer
   727 | D        | Noticed a deep elf zephyrmancer
   727 | D        | Noticed a deep elf archer
   727 | D        | Noticed a deep elf pyromancer
   728 | D        | Noticed a deep elf pyromancer
   728 | D        | Noticed a guardian serpent
   729 | D        | Found a transporter.
   731 | D        | Killed a deep elf zephyrmancer
   731 | D        | Killed a deep elf zephyrmancer
   731 | D        | Killed a deep elf pyromancer
   732 | D        | Reached skill level 14 in Long Blades
   734 | D        | Killed a guardian serpent
   734 | D        | Killed a deep elf archer
   735 | D        | Reached XP level 11. HP: 82/106 MP: 7/14
   735 | D        | Killed a deep elf pyromancer
   739 | D        | Killed a deep elf zephyrmancer
   817 | D        | Got Sif Muna's Directory of the Wayfarer and Pyromania
   857 | D        | Entered arena 13.
   857 | D        | Noticed a merfolk javelineer
   857 | D        | Noticed a merfolk impaler
   857 | D        | Noticed a merfolk aquamancer
   857 | D        | Noticed a merfolk aquamancer
   857 | D        | Noticed a merfolk avatar
   864 | D        | Killed from afar by a merfolk aquamancer

Illustrated notes

Levels and vault maps discovered:
D:        sprint_v [room_start, room_1, room_2, room_3, room_4, room_5, room_6,
          room_7, room_8, room_9, room_10, room_11, room_12, room_13, room_14,
          room_15, room_16, room_17, room_18, room_19, room_20, room_21,
          room_22, room_23, room_24, room_25, room_26, room_27]

Skill      XL: |  1  2  3  4  5  6  7  8  9 10 11 |
---------------+----------------------------------+-----
Long Blades    | 7 9 10 11 12 14 | 14.5
Fighting       | 4 6 7 8 9 11 12 13 | 13.2
Armour         | 4 6 7 8 9 11 13 | 13.2
Shields        | 4 6 7 8 9 11 12 13 | 13.2

Action                     |  1- 3 |  4- 6 |  7- 9 | 10-12 || total
---------------------------+-------+-------+-------+-------++-------
  Melee: Double sword      |     4 |     5 |    37 |    37 ||    83
    Use: Potion            |     1 |       |     2 |     1 ||     4
 Armour: Plate armour      |     2 |     3 |    39 |    38 ||    82
  Dodge: Dodged            |     1 |       |    22 |    21 ||    44
  Block: Buckler           |       |       |    14 |    29 ||    43

Table legend: (Time is in decaauts)
 A = Elapsed time spent in this place.
 B = Non-inter-level travel time spent in this place.
 C = Inter-level travel time spent in this place.
 D = Time resting spent in this place.
 E = Time spent auto-exploring this place.
 F = Levels seen in this place.
 G = Mean time per level.
                   A        B        C        D        E       F      G
               +--------+--------+--------+--------+--------+-----+--------+
         Total |    861 |    851 |     10 |      0 |    486 |   1 |  861.0 |
       Dungeon |    861 |    851 |     10 |      0 |    486 |   1 |  861.0 |
               +--------+--------+--------+--------+--------+-----+--------+

Top non-repeatable levels by time:
       D: 861 daAuts
